 Dungeon Sprint DCSS version 0.21-a0-104-g7b58145 (webtiles) character file.

263 Kidiri the Covert (level 5, -1/24 (27) HPs)
             Began as a Spriggan Enchanter on July 6, 2017.
             Slain by a necrophage (7 damage)
             ... in the Dungeon (Sprint II: "The Violet Keep of Menkaure").
             The game lasted 00:00:38 (165 turns).

Kidiri the Covert (Spriggan Enchanter)               Turns: 165, Time: 00:00:39

HP:   -1/24 (27)    AC:  2    Str:  4    XL:     5   Next: 98%
MP:   10/15         EV: 23    Int: 17    God:
Gold: 243           SH:  0    Dex: 17    Spells: 17/18 levels left

rFire    . . .     SeeInvis +   a - +1 dagger
rCold    . . .     Gourm    .   (shield restricted)
rNeg     . . .     Faith    .   b - +0 robe
rPois    .         Spirit   .   (helmet restricted)
rElec    .         Reflect  .   (no cloak)
rCorr    .         Harm     .   (gloves unavailable)
MR       .....     NoTele   +   (boots unavailable)
Stlth    ++++......             (no amulet)
HPRegen  0.08/turn              (no ring)
MPRegen  0.14/turn              (no ring)

@: berserk cooldown, slowed, quick
A: unfitting armour, see invisible, herbivore 3, speed 3, slow metabolism 2
a: no special abilities


You were in the Dungeon.
You were not hungry.

You visited 1 branch You collected 243 gold pieces.

Inventory:

Hand Weapons
 a - a +1 dagger (weapon)
Armour
 b - a +0 robe (worn)
Scrolls
 j - a scroll of blinking
Potions
 e - a potion of curing
 f - a potion of heal wounds
 g - a potion of haste
 h - 2 potions of magic
Books
 c - a book of Maledictions

   Spells                             Type                      Level
   a - Corona                         Hexes                        1
   b - Ensorcelled Hibernation        Hexes/Ice                    2
   c - Confuse                        Hexes                        3
   d - Tukima's Dance                 Hexes                        3
   e - Dazzling Spray                 Conjuration/Hexes            3
Comestibles
 d - a bread ration


   Skills:
 + Level 2.7 Fighting
 * Level 5.8 Short Blades
 + Level 2.6 Armour
 * Level 8.0 Dodging
 * Level 9.2 Stealth
 * Level 7.0 Spellcasting
 + Level 5.6 Hexes


You had 17 spell levels left.
You knew the following spells:

 Your Spells              Type           Power        Failure   Level  Hunger
a - Corona                Hex            ####...      1%          1    None


Dungeon Overview and Level Annotations

Branches:
Dungeon (1/1)

Altars:

Shops:
D }[=%:}=[


Innate Abilities, Weirdness & Mutations

You are very small and have problems with some larger weapons.
You are too small for most types of armour.
You have supernaturally acute eyesight. (SInv)
You are a herbivore.
You cover ground extremely quickly.
You need consume almost no food.


Message History

The necrophage hits you.
You puncture the necrophage!
The necrophage is heavily damaged.
You are no longer berserk.
You are exhausted.
You feel yourself slow down.
You closely miss the necrophage.
The necrophage is heavily damaged.
The necrophage completely misses you. The necrophage hits you.
* * * LOW HITPOINT WARNING * * *
You closely miss the necrophage.
The necrophage is moderately damaged.
The necrophage closely misses you.
You hit the necrophage.
The necrophage is heavily damaged.
The necrophage closely misses you.
You hit the necrophage but do no damage.
The necrophage is heavily damaged.
The necrophage hits you!
You die...

.....#≈ .⌠...#≈
∩.∩..#≈ .∩.∩.#≈
### ∩.∩.∩#≈##.#
#+#
...∩.#≈#.####.##
+≈+##.+.<.+
.....#≈#...##.##
▓▓▓###≈##.###@#
######≈ ####.n.#
## #..#..# ##.
.## ## ##


You could see a necrophage.

Vanquished Creatures
  3 necrophages (D)
  3 worms (D)
6 creatures vanquished.

Notes
Turn   | Place    | Note
-------+----------+-------------------------------------------
     0 | D        | Kidiri the Spriggan Enchanter began the quest for the Orb.
     0 | D        | Reached XP level 1. HP: 9/9 MP: 5/5
    13 | D        | Found Hicyrph's Jewellery Shoppe.
    13 | D        | Found Qaugiq's Antique Armour Shoppe.
    13 | D        | Found Joaceim's Book Emporium.
    13 | D        | Found Tymap's Gadget Emporium.
    13 | D        | Found Ecwirano's Jewellery Shoppe.
    13 | D        | Found Sytiw's Food Shoppe.
    14 | D        | Found Jupumean's Armour Shoppe.
    14 | D        | Found Unaa's Gadget Emporium.
    16 | D        | Reached skill level 5 in Stealth
    16 | D        | Reached XP level 2. HP: 14/14 MP: 7/7
   132 | D        | Noticed a necrophage
   132 | D        | Noticed a necrophage
   132 | D        | Noticed a necrophage
   132 | D        | Noticed a necrophage
   139 | D        | Killed a necrophage
   139 | D        | Reached skill level 1 in Fighting
   139 | D        | Reached skill level 1 in Armour
   139 | D        | Reached skill level 5 in Dodging
   139 | D        | Reached skill level 7 in Stealth
   139 | D        | Reached skill level 5 in Spellcasting
   139 | D        | Reached XP level 3. HP: 18/18 MP: 7/10
   139 | D        | Reached XP level 4. HP: 23/23 MP: 8/12
   149 | D        | Killed a necrophage
   149 | D        | Reached skill level 5 in Short Blades
   149 | D        | Reached skill level 8 in Stealth
   149 | D        | Reached skill level 5 in Hexes
   149 | D        | Reached XP level 5. HP: 25/25 MP: 8/14
   158 | D        | Killed a necrophage
   158 | D        | Reached skill level 9 in Stealth
   165 | D        | Slain by a necrophage

Vault maps used:
D:        the_violet_keep_of_menkaure

Skill      XL: |  1  2  3  4  5 |
---------------+----------------+-----
Spellcasting   | 3 5 6 7 |  7.0
Short Blades   | 2 4 5 |  5.8
Stealth        | 5 7 8 9 |  9.2
Fighting       | 1 2 |  2.7
Armour         | 1 2 |  2.6
Dodging        | 5 7 8 |  8.0
Hexes          | 4 5 |  5.6

Action                   |  1- 3 |  4- 6 || total
-------------------------+-------+-------++-------
Melee: Dagger            |     8 |    24 ||    32
  Use: Potion            |     1 |       ||     1
 Stab: Sleeping          |     3 |       ||     3
Armor: Robe              |     1 |       ||     1
Dodge: Dodged            |     1 |     7 ||     8
